 Dungeon Crawl Stone Soup version 0.20.1-1-g8b1a95d (console) character file.

2380 hilaritas the Grappler (level 9, -1/80 HPs)
             Began as a Troll Fighter on Nov 4, 2017.
             Was a Priest of Okawaru.
             Slain by an orc warrior
             ... wielding a +0 dire flail
              (13 damage)
             ... on level 7 of the Dungeon.
             The game lasted 00:12:35 (5448 turns).

hilaritas the Grappler (Troll Fighter)              Turns: 5448, Time: 00:12:36

Health: -1/80      AC:  7    Str: 27    XL:     9   Next: 22%
Magic:  8/10       EV: 13    Int:  6    God:    Okawaru [***...]
Gold:   539        SH: 15    Dex:  9    Spells: 5/8 levels left

rFire    + . .     SeeInvis .     - Unarmed
rCold    + . .     Gourm    +   b - +0 shield
rNeg     . . .     Faith    .   l - +2 robe {rF+}
rPois    +         Spirit   .   p - +0 hat
rElec    .         Reflect  +   E - scarf {repulsion}
rCorr    .         Harm     .   (gloves unavailable)
MR       .....                  (boots unavailable)
Stlth    +++.......             B - +3 amulet of reflection
Regen    0.7/turn               t - ring of poison resistance
MPRegen  0.2/turn               o - ring of protection from cold

@: heroism, repel missiles
A: unfitting armour, claws 3, fast metabolism 3, gourmand, regeneration 1,
shaggy fur 1, tough skin 2
a: Heroism, Renounce Religion


You were on level 7 of the Dungeon.
You worshipped Okawaru.
Okawaru was most pleased with you.
You were very full.

You visited 2 branches of the dungeon, and saw 8 of its levels.

You collected 539 gold pieces.

Inventory:

Hand Weapons
 C - a +2 mace of protection
Missiles
 m - 2 throwing nets
 q - 6 tomahawks (quivered)
Armour
 b - a +0 shield (worn)
 l - a +2 robe of fire resistance (worn)
 p - a +0 hat (worn)
 E - a scarf of repulsion (worn)
Jewellery
 a - an uncursed ring of fire
 o - a ring of protection from cold (right claw)
 t - a ring of poison resistance (left claw)
 B - a +3 amulet of reflection (around neck)
Wands
 e - a wand of acid (9/15)
 z - a wand of acid (7/15)
 H - a wand of iceblast (8/15)
 I - a wand of lightning (9/15)
Scrolls
 i - a scroll of recharging
 j - 3 scrolls of teleportation
 r - 4 scrolls of remove curse
 s - 5 scrolls of identify
 y - a scroll of enchant weapon
Potions
 c - 2 potions of might
 h - a potion of resistance
 n - 2 potions of mutation
 u - a potion of haste {unknown}
 v - a potion of brilliance {unknown}
 w - 8 potions of curing
 x - a potion of agility {unknown}
 A - a potion of cancellation {unknown}
 D - a potion of magic {unknown}
 F - a potion of lignification {unknown}
Comestibles
 d - 6 bread rations
 f - 9 fruits
 k - 3 meat rations
 G - a royal jelly


   Skills:
 * Level 2.5(7.5) Fighting
 * Level 0.1(5.1) Armour
 - Level 2.4(7.4) Dodging
 + Level 5.1(10.1) Shields
 - Level 10.6(15.6) Unarmed Combat
 * Level 3.1 Invocations


You had 5 spell levels left.
You knew the following spells:

 Your Spells              Type           Power        Failure   Level  Hunger
a - Tukima's Dance        Hex            #.......     83%         3    ####...


Dungeon Overview and Level Annotations

Branches:
Dungeon (7/15)             Temple (1/1) D:4

Altars:
Ashenzari
Cheibriados
Dithmenos
Elyvilon
Fedhas
Gozag
Hepliaklqana
Kikubaaqudgha
Makhleb
Nemelex Xobeh
Okawaru
Qazlal
Ru
Sif Muna
Trog
Uskayaw
Vehumet
Xom
Zin
The Shining One


Innate Abilities, Weirdness & Mutations

You are too large for most types of armour.
You have claws for hands.
Your metabolism is lightning-fast.
You like to eat raw meat.
Your natural rate of healing is unusually fast.
You are covered in fur. (AC +1)
You have very tough skin. (AC +2)


Message History

The orc warrior is severely wounded.
The orc warrior hits you with a dire flail!
You barely miss the orc warrior.
The orc warrior is severely wounded.
You block the iguana's attack.
The orc warrior hits you with a dire flail!!
* * * LOW HITPOINT WARNING * * *
You barely miss the orc warrior.
The orc warrior is severely wounded.
The iguana bites you.
* * * LOW HITPOINT WARNING * * *
You feel much better.
The orc warrior hits you with a dire flail!!
* * * LOW HITPOINT WARNING * * *
The orc hits you with a club.
* * * LOW HITPOINT WARNING * * *
You block the iguana's attack.
You gain the combat prowess of a mighty hero.
The orc warrior hits you with a dire flail!
You die...

#.....#############'#
###'##<...........#..
#...#............#..
#.<.#............'..
#...#........)...#..
#...#............#..
#....######.....####
#####.# #.....#
#.....# #.....#
#.....# #.....#
#...@o# #.....#
#..ol.# #.....#
#.....# #.....# #
#...... ####### #
#....(.. # #......?.
#......... #
#.....(.... # #


You could see an orc warrior, an iguana and an orc.

Vanquished Creatures
  The ghost of buskinjo the Grappler, a novice DrTm of Makhleb (D:7)
  A hippogriff (D:7)
  2 sky beasts (D:5)
  An orc warrior (D:5)
  2 phantoms (D:5)
  A centaur (D:5)
  An ogre (D:5)
  A bullfrog (D:6)
  A scorpion (D:5)
  A howler monkey (D:6)
  A crimson imp (D:7)
  4 hounds
  A jelly (D:3)
  A bullfrog zombie (D:5)
  A gnoll shaman (D:4)
  2 orc wizards
  A bullfrog skeleton (D:5)
  Jessica (D:2)
  2 iguanas (D:7)
  2 worker ants
  A hound zombie (D:6)
  2 worker ant zombies (D:7)
  11 gnolls
  A howler monkey skeleton (D:4)
  11 adders
  A shadow imp (D:5)
  An ooze (D:1)
  An adder zombie (D:4)
  3 worms
  A dart slug (D:1)
  4 leopard geckos
  12 orcs
  5 giant cockroaches
  7 goblins
  7 hobgoblins
  4 jackals (D:2)
  3 kobolds
  5 quokkas
  10 bats
  8 frilled lizards
  2 jackal skeletons
  A jackal zombie (D:7)
  A leopard gecko skeleton (D:4)
  3 rats
  A toadstool (D:1)
134 creatures vanquished.

Vanquished Creatures (others)
  A centaur (D:7)
  3 toadstools (D:1)
4 creatures vanquished.

Grand Total: 138 creatures vanquished

Notes
Turn   | Place    | Note
-------+----------+-------------------------------------------
     0 | D:1      | hilaritas the Troll Fighter began the quest for the Orb.
     0 | D:1      | Reached XP level 1. HP: 22/22 MP: 0/0
   145 | D:1      | Reached XP level 2. HP: 27/29 MP: 1/1
   679 | D:2      | Noticed Jessica
   689 | D:2      | Reached skill level 3 in Unarmed Combat
   689 | D:2      | Reached XP level 3. HP: 32/36 MP: 2/2
   697 | D:2      | Killed Jessica
   697 | D:2      | Reached XP level 4. HP: 41/44 MP: 3/3
   748 | D:2      | Reached skill level 4 in Unarmed Combat
  1017 | D:2      | Reached XP level 5. HP: 50/50 MP: 4/4
  1363 | D:3      | Learned a level 3 spell: Tukima's Dance
  1496 | D:3      | Reached skill level 5 in Unarmed Combat
  2211 | D:4      | Found a staircase to the Ecumenical Temple.
  2240 | Temple   | Entered the Ecumenical Temple
  2437 | Temple   | Became a worshipper of Warmaster Okawaru
  2644 | D:4      | Reached XP level 6. HP: 49/59 MP: 5/5
  2721 | D:4      | Found a white marble altar of Elyvilon.
  2721 | D:4      | Found a glowing golden altar of the Shining One.
  2722 | D:4      | Found a glowing silver altar of Zin.
  2904 | D:4      | Found a bloodstained altar of Trog.
  2905 | D:4      | Found a shadowy altar of Dithmenos.
  3152 | D:5      | Entered Level 5 of the Dungeon
  3251 | D:5      | Found a shattered altar of Ashenzari.
  3263 | D:5      | Reached skill level 6 in Unarmed Combat
  3352 | D:5      | Reached XP level 7. HP: 66/66 MP: 6/6
  3371 | D:5      | Reached * piety under Okawaru
  3371 | D:5      | Reached skill level 7 in Unarmed Combat
  3371 | D:5      | Reached skill level 1 in Invocations
  3478 | D:5      | Reached skill level 8 in Unarmed Combat
  3509 | D:5      | Found a shimmering altar of Xom.
  3547 | D:5      | Reached XP level 8. HP: 74/74 MP: 8/8
  3806 | D:5      | Found a shimmering altar of Xom.
  3808 | D:5      | Found a shimmering altar of Xom.
  3816 | D:5      | Found a shimmering altar of Xom.
  3820 | D:5      | Found a shimmering altar of Xom.
  4290 | D:6      | Reached ** piety under Okawaru
  4290 | D:6      | Reached skill level 9 in Unarmed Combat
  4377 | D:6      | Found a sparkling altar of Nemelex Xobeh.
  4829 | D:7      | Noticed a hippogriff
  4838 | D:7      | Killed a hippogriff
  4911 | D:7      | Noticed buskinjo's ghost (novice DrTm)
  4924 | D:7      | Killed buskinjo's ghost
  4924 | D:7      | Reached *** piety under Okawaru
  4924 | D:7      | Reached skill level 10 in Unarmed Combat
  4924 | D:7      | Reached XP level 9. HP: 42/80 MP: 10/10
  5102 | D:7      | Reached skill level 5 in Shields
  5229 | D:7      | Found a hazy altar of Hepliaklqana.
  5448 | D:7      | Slain by an orc warrior

Skill      XL: |  1  2  3  4  5  6  7  8  9 |
---------------+----------------------------+-----
Unarmed Combat | 3 4 5 6 8 10 | 10.6
Shields        | 3 4 5 |  5.1
Invocations    | 1 3 |  3.1
Fighting       | |  2.5
Armour         | |  0.1
Dodging        | |  2.4

Action                   |  1- 3 |  4- 6 |  7- 9 || total
-------------------------+-------+-------+-------++-------
Melee: Unarmed           |    50 |   213 |   139 ||   402
Throw: Tomahawk          |       |       |     2 ||     2
Invok: Heroism           |       |       |     1 ||     1
  Use: Scroll            |       |     8 |     4 ||    12
       Potion            |       |       |     1 ||     1
 Stab: Sleeping          |       |     1 |       ||     1
  Eat: Chunk             |     9 |    27 |    18 ||    54
Armor: Robe              |    25 |    49 |    30 ||   104
Dodge: Dodged            |    20 |    40 |    37 ||    97
Block: Shield            |    23 |    83 |    66 ||   172
       Reflection        |       |       |     5 ||     5
